 Dungeon Crawl Stone Soup version 0.30-a0-845-g7c6808c8ce (webtiles) character file.

Game seed: 9944267101789842688

1258 retardedninja the Shield-Bearer (level 8, -4/55 (67) HPs)
             Began as a Gnoll Fighter on Mar 2, 2023.
             Slain by Maggie
             ... wielding a +0 scimitar
              (9 damage)
             ... on level 6 of the Dungeon.
             The game lasted 00:06:32 (5789 turns).

retardedninja the Shield-Bearer (Gnoll Fighter)     Turns: 5789, Time: 00:06:33

HP:   -4/55 (67)    AC: 13    Str: 17    XL:     8   Next: 51%
MP:   13/13         EV:  6    Int:  8    God:
Gold: 251           SH:  5    Dex: 12    Spells: 13/13 levels left

rFire   . . .      SeeInvis .    a - +0 flail (heavy)
rCold   . . .      Faith    .    c - +0 buckler
rNeg    . . .      Spirit   .    v - +0 plate armour
rPois   .          Reflect  .    (no helmet)
rElec   .          Rampage  .    (no cloak)
rCorr   .                        (no gloves)
Will    .....                    (no boots) Stlth
                                 l - amulet of regeneration
HPRegen 1.09/turn                (no ring)
MPRegen 0.13/turn                (no ring)

@: mesmerised, hasted, heavily drained, very quick
A: fangs 1, strong nose, distributed training
a: no special abilities


You were on level 6 of the Dungeon.
You visited 1 branch of the dungeon, and saw 6 of its levels.
You also visited: Sewer.

You collected 251 gold pieces.

Inventory:

Hand Weapons
 a - a +0 heavy flail (weapon)
Armour
 b - a +0 scale mail
 c - a +0 buckler (worn)
 v - a +0 plate armour (worn)
Jewellery
 l - an amulet of regeneration (around neck)
Scrolls
 e - a scroll of fog {unknown}
 f - 7 scrolls of teleportation
 g - a scroll of enchant weapon {unknown}
 h - a scroll of summoning {unknown}
 i - a scroll of immolation
 j - a scroll of brand weapon
 k - a scroll of blinking
 n - a scroll of amnesia {unknown}
 o - a scroll of vulnerability {unknown}
 p - a scroll of identify
 s - a scroll of magic mapping {unknown}
Potions
 d - 2 potions of haste
 m - 4 potions of magic
 q - a potion of resistance
 t - 2 potions of brilliance
 u - a potion of lignification {unknown}
 w - a potion of curing {unknown}


   Skills:
 + Level 7.5 Fighting
 + Level 3.4 Short Blades
 + Level 3.4 Long Blades
 + Level 3.4 Axes
 + Level 5.8 Maces & Flails
 + Level 3.4 Polearms
 + Level 3.4 Staves
 + Level 3.4 Ranged Weapons
 + Level 3.4 Throwing
 + Level 7.5 Armour
 + Level 3.4 Dodging
 + Level 3.4 Stealth
 + Level 7.5 Shields
 + Level 3.4 Unarmed Combat
 + Level 3.4 Spellcasting
 + Level 2.8 Conjurations
 + Level 2.8 Hexes
 + Level 2.8 Summonings
 + Level 2.8 Necromancy
 + Level 2.8 Translocations
 + Level 2.8 Transmutations
 + Level 2.8 Fire Magic
 + Level 2.8 Ice Magic
 + Level 2.8 Air Magic
 + Level 2.8 Earth Magic
 + Level 2.8 Poison Magic
 + Level 3.8 Invocations
 + Level 3.4 Evocations


You had 13 spell levels left.
You didn't know any spells.
Your spell library contained the following spells:

 Spells                   Type           Power      Damage    Failure   Level
 Freeze                   Ice            20%        1d4       99%         1
 Sublimation of Blood     Necr           5%         N/A       99%         2
 Wereblood                Tmut           5%         N/A       99%         2
 Frozen Ramparts          Ice            10%        1d2       100%        3
 Hailstorm                Conj/Ice       5%         3d4       100%        3
 Summon Hydra             Summ           2%         N/A       100%        7


Dungeon Overview and Level Annotations

Branches:
Dungeon (6/15)              Sewer (visited)
 Temple: D:4-7

Altars:
Sif Muna
Xom

Shops:
D:4 (

Annotations:
D:6 Maggie


Innate Abilities, Weirdness & Mutations

You have very sharp teeth.
Your uncanny sense of smell can sniff out nearby items.
Your experience applies equally to all skills.


Message History

The wight hits you but does no damage. Something hits you.
You barely miss something. You block the wight's attack.
You hear some strange, mumbled words.
Something tries to affect you, but you resist.
The wight hits you but does no damage. Something hits you but does no damage.
You closely miss something.
The wight hits you from afar with a +4 trident.
Something hits you but does no damage.
You miss something.
The wight hits you from afar with a +4 trident.
You feel drained.
You hear some strange, mumbled words.
A magic dart appears from out of thin air!
The magic dart hits you.
You closely miss something.
Maggie points at you and mumbles some strange words.
The bolt of fire hits something.
The bolt of fire misses you.
The wight hits you from afar with a +4 trident.
Something hits you but does no damage.
You thump something!
Reactivating autopickup.
You feel a bit more experienced.
Maggie mumbles some strange words.
Maggie draws you further into her thrall.
The wight hits you from afar with a +4 trident.
Items here: ( ))) [[[ †.
You cannot move away from Maggie!
You barely miss Maggie. Maggie barely misses you.
The wight hits you but does no damage.
The wight hits you from afar with a +2 halberd.
You barely miss Maggie. Maggie casts a spell at you. The bolt of fire hits you.
The wight hits you with a +4 trident!
* * * LOW HITPOINT WARNING * * *
The wight hits you from afar with a +2 halberd.
* * * LOW HITPOINT WARNING * * *
You feel drained.
* * * LOW HITPOINT WARNING * * *
Maggie hits you with a +0 scimitar!
You die...

...........
..........
..........
.........
.........
#......z#
#..@z# #@#
####)#
###....##
.........##
....####..#
### ##.##
##.## #..#
##.##


You could see Maggie (mesmerising) and 2 wights.

Vanquished Creatures
  Grinder (D:3)
  A black bear (D:4)
  4 kobold brigands (Sewer)
  2 scorpions (D:4)
  3 wights (D:6)
  2 jellies
  An orc priest (D:4)
  A sleepcap (D:4)
  Jessica (D:3)
  An iguana (D:6)
  3 orc wizards
  2 adders
  3 gnolls (D:3)
  2 river rats (Sewer)
  2 white imps
  An ufetubus (D:6)
  4 worms
  8 orcs
  12 endoplasms
  2 giant cockroaches
  7 goblins
  8 hobgoblins
  9 kobolds
  4 quokkas
  10 ball pythons
  10 bats
  2 frilled lizards
  11 rats
117 creatures vanquished.

Notes
Turn   | Place    | Note
-------+----------+-------------------------------------------
     0 | D:1      | retardedninja the Gnoll Fighter began the quest for the
                  | Orb.
     0 | D:1      | Reached XP level 1. HP: 23/23 MP: 1/1
   246 | D:1      | Reached XP level 2. HP: 29/29 MP: 2/2
   261 | D:1      | Found a faded altar of an unknown god.
   578 | D:1      | Reached XP level 3. HP: 35/35 MP: 3/3
   784 | D:2      | Identified the +7 short sword of the Lesser Evil {freeze,
                  | rPois rCorr Str+4 SInv}
  1050 | D:2      | Reached skill level 1 in Invocations
  1098 | D:2      | Reached skill level 1 in Short Blades
  1098 | D:2      | Reached skill level 1 in Long Blades
  1098 | D:2      | Reached skill level 1 in Axes
  1098 | D:2      | Reached skill level 1 in Polearms
  1098 | D:2      | Reached skill level 1 in Staves
  1098 | D:2      | Reached skill level 1 in Ranged Weapons
  1098 | D:2      | Reached skill level 1 in Throwing
  1098 | D:2      | Reached skill level 1 in Dodging
  1098 | D:2      | Reached skill level 1 in Stealth
  1098 | D:2      | Reached skill level 1 in Unarmed Combat
  1098 | D:2      | Reached skill level 1 in Spellcasting
  1098 | D:2      | Reached skill level 1 in Evocations
  1633 | D:3      | Reached XP level 4. HP: 40/41 MP: 5/5
  1662 | D:3      | Noticed Grinder
  1671 | D:3      | Paralysed by Grinder for 4 turns
  1689 | D:3      | Killed Grinder
  1690 | D:3      | Reached skill level 1 in Conjurations
  1690 | D:3      | Reached skill level 1 in Hexes
  1690 | D:3      | Reached skill level 1 in Summonings
  1690 | D:3      | Reached skill level 1 in Necromancy
  1690 | D:3      | Reached skill level 1 in Translocations
  1690 | D:3      | Reached skill level 1 in Transmutations
  1690 | D:3      | Reached skill level 1 in Fire Magic
  1690 | D:3      | Reached skill level 1 in Ice Magic
  1690 | D:3      | Reached skill level 1 in Air Magic
  1690 | D:3      | Reached skill level 1 in Earth Magic
  1690 | D:3      | Reached skill level 1 in Poison Magic
  1690 | D:3      | Reached XP level 5. HP: 16/47 MP: 5/7
  1690 | D:3      | Reached XP level 6. HP: 18/53 MP: 5/8
  1864 | D:3      | Reached skill level 5 in Maces & Flails
  2110 | D:3      | Found a glowing drain.
  2135 | Sewer    | Entered a sewer
  2831 | Sewer    | Reached XP level 7. HP: 17/60 MP: 10/10
  3841 | D:3      | Noticed Jessica
  4453 | D:3      | Killed Jessica
  4462 | D:3      | Found a shimmering blue altar of Sif Muna.
  4903 | D:4      | Found Culenoll's Weapon Shoppe.
  5072 | D:4      | Reached XP level 8. HP: 54/67 MP: 12/12
  5442 | D:5      | Entered Level 5 of the Dungeon
  5583 | D:5      | Found a shimmering altar of Xom.
  5756 | D:6      | Noticed Maggie
  5789 | D:6      | Slain by Maggie

Illustrated notes

Levels and vault maps discovered:
D:1:      elethiomel_arrival_maze, layout_loops_ring,
          ebering_ecumenical_altar_hall, hangedman_decor_growths
D:2:      layout_basic
D:3:      layout_basic, tgw_sif, cheibrodos_sewer_entry_drain, uniq_grinder
D:4:      layout_cave_pools, serial_shops, nicolae_shop_bloodbath_and_beyond,
          nicolae_nh_ransacked_shop
D:5:      layout_loops_cross, nicolae_hepliaklqana_hippocampus,
          nicolae_overflow_hidden_temple, uniq_prince_ribbit1
D:6:      layout_cave_pods, minmay_temple_entry_fiery, serial_column_ruins,
          column_ruins_corridor_straight, column_ruins_open_medium,
          column_ruins_open_large, column_ruins_grid_3, column_ruins_open_tiny,
          column_ruins_grid_1, nicolae_shop_clearance, uniq_maggie, uniq_pikel

Skill      XL: |  1  2  3  4  5  6  7 |
---------------+----------------------+-----
Invocations    | 1 2 3 |  3.8
Short Blades   | 1 2 3 |  3.4
Long Blades    | 1 2 3 |  3.4
Axes           | 1 2 3 |  3.4
Polearms       | 1 2 3 |  3.4
Staves         | 1 2 3 |  3.4
Ranged Weapons | 1 2 3 |  3.4
Throwing       | 1 2 3 |  3.4
Dodging        | 1 2 3 |  3.4
Stealth        | 1 2 3 |  3.4
Unarmed Combat | 1 2 3 |  3.4
Spellcasting   | 1 2 3 |  3.4
Evocations     | 1 2 3 |  3.4
Conjurations   | 1 2 |  2.8
Hexes          | 1 2 |  2.8
Summonings     | 1 2 |  2.8
Necromancy     | 1 2 |  2.8
Translocations | 1 2 |  2.8
Transmutations | 1 2 |  2.8
Fire Magic     | 1 2 |  2.8
Ice Magic      | 1 2 |  2.8
Air Magic      | 1 2 |  2.8
Earth Magic    | 1 2 |  2.8
Poison Magic   | 1 2 |  2.8
Maces & Flails | 5 |  5.8
Fighting       | 7 |  7.5
Armour         | 7 |  7.5
Shields        | 7 |  7.5

Action                     |  1- 3 |  4- 6 |  7- 9 || total
---------------------------+-------+-------+-------++-------
  Melee: Flail             |   111 |   174 |   169 ||   454
         Bite              |     7 |    25 |    18 ||    50
    Use: Potion            |       |     3 |     2 ||     5
         Scroll            |       |       |     9 ||     9
 Armour: Scale mail        |    49 |    63 |    41 ||   153
         Plate armour      |       |       |    59 ||    59
  Dodge: Dodged            |    40 |    60 |    78 ||   178
  Block: Buckler           |    21 |    52 |    59 ||   132

Table legend: (Time is in decaauts)
 A = Elapsed time spent in this place.
 B = Non-inter-level travel time spent in this place.
 C = Inter-level travel time spent in this place.
 D = Time resting spent in this place.
 E = Time spent auto-exploring this place.
 F = Levels seen in this place.
 G = Mean time per level.
                   A        B        C        D        E       F      G
               +--------+--------+--------+--------+--------+-----+--------+
         Total |   5961 |   5856 |    105 |   2077 |   2709 |   7 |  851.6 |
       Dungeon |   4354 |   4249 |    105 |    963 |   2480 |   6 |  725.7 |
         Sewer |   1607 |   1607 |      0 |   1114 |    228 |   1 | 1607.0 |
               +--------+--------+--------+--------+--------+-----+--------+

Top non-repeatable levels by time:
   Sewer: 1607 daAuts
     D:3: 1433 daAuts
     D:4: 957 daAuts
     D:2: 829 daAuts
     D:1: 764 daAuts
     D:6: 199 daAuts
     D:5: 169 daAuts
